 Dungeon Crawl Stone Soup version 0.27-a0-1302-g7736ffe575 (webtiles) character file.

Game seed: 17505047156363295606

137 Ijustatesigmund the Skirmisher (level 5, -1/42 HPs)
             Began as a Demonspawn Fighter on June 18, 2021.
             Slain by Natasha (6 damage)
             ... on level 3 of the Dungeon.
             The game lasted 00:02:41 (1718 turns).

Ijustatesigmund the Skirmisher (Demonspawn Fighter) Turns: 1718, Time: 00:02:42

Health: -1/42      AC:  4    Str: 18    XL:     5   Next: 0%
Magic:  5/5        EV:  7    Int:  9    God:
Gold:   106        SH:  9    Dex: 14    Spells: 4/4 levels left

rFire    . . .     SeeInvis .   a - +0 war axe
rCold    . . .     Faith    .   c - +0 kite shield
rNeg     . . .     Spirit   .   b - +0 scale mail
rPois    .         Reflect  .   (no helmet)
rElec    .         Harm     .   (no cloak)
rCorr    .         Rampage  .   i - +0 pair of gloves
Will     .....                  (no boots)
Stlth    ..........             (no amulet)
HPRegen  0.14/turn              (no ring)
MPRegen  0.09/turn              (no ring)

@: attractive, very slightly contaminated, invisible
A: talons 2, spiny 1, sturdy frame 1, deformed body, strong 1
a: no special abilities


You were on level 3 of the Dungeon.
You visited 1 branch of the dungeon, and saw 3 of its levels.

You collected 106 gold pieces.

Inventory:

Hand Weapons
 a - a +0 war axe (weapon)
Armour
 b - a +0 scale mail (worn)
 c - a +0 kite shield (worn)
 i - a +0 pair of gloves (worn)
Jewellery
 f - a ring of flight
Scrolls
 g - 2 scrolls of amnesia {unknown}
 h - a scroll of magic mapping
 k - 4 scrolls of identify {unknown}
 m - a scroll of blinking {unknown}
 n - a scroll of enchant weapon {unknown}
Potions
 d - a potion of might
 e - a potion of attraction
 j - a potion of invisibility


   Skills:
 + Level 4.0 Fighting
 * Level 4.0 Axes
 - Level 2.6 Armour
 - Level 2.6 Shields


You had 4 spell levels left.
You didn't know any spells.
Your spell library was empty.

Dungeon Overview and Level Annotations

Branches:
Dungeon (3/15)

Altars:

Annotations:
D:3 Natasha


Innate Abilities, Weirdness & Mutations

You have razor-sharp toenails.
You are partially covered in sharp spines.
Your movements are slightly less encumbered by armour. (ER -2)
Armour fits poorly on your strangely shaped body.
Your muscles are strong. (Str +2)


Message History

You see here the felid corpse of Natasha.
The adder barely misses you. The adder is struck by your spines.
The adder bites you.
* * * LOW HITPOINT WARNING * * *
You see here the felid corpse of Natasha.
Your shield and scale mail prevent you from hitting the adder.
The adder is moderately wounded.
The adder bites you but does no damage. The adder is struck by your spines.
The adder bites you.
* * * LOW HITPOINT WARNING * * *
You are poisoned.
The adder poisons you! You block the adder's attack.
You hit the adder.
You kill the adder!
* * * LOW HITPOINT WARNING * * *
You feel very sick.
You have reached level 5!
Your demonic ancestry asserts itself...
You feel less encumbered by your armour.
It was a potion of attraction.
You feel attractive to monsters.
You feel sick.
It was a potion of invisibility.
You fade into invisibility!
You feel sick.
You are very lightly contaminated with residual magic.
It was a potion of mutation.
You feel extremely strange.
Your toenails lengthen and sharpen.
Your body twists and deforms.
You feel stronger.
You feel yourself speed up.
You feel sick.
You are no longer poisoned.
You start resting.
Natasha, Servant of Life and Death comes into view.
Natasha is pulled toward you!
Natasha mumbles some strange words.
Natasha is pulled toward you! The crimson imp is pulled toward you!
You see here a sedimented red potion.
You closely miss Natasha. Natasha is struck by your spines. Natasha claws you.
You die...

##..# #.##.# .
#..#####.##.###.
#..............#
#..#####.##.##.#
#..# #.##.##(##
#..#
#)...#...#####
#..#
#).....#.....#
#..# #.####.))#
#..# #.# ##@##
#...
....###h)##.#
##.....5....#
..........##
###.######.# #.#
... ###


You could see Natasha and a crimson imp (summoned).

Vanquished Creatures
  An orc priest (D:3)
  Natasha (D:3)
  2 adders
  A shadow imp (D:3)
  6 orcs (D:3)
  2 ball pythons (D:1)
  A bat (D:1)
  An endoplasm (D:1)
  2 giant cockroaches
  5 goblins
  4 hobgoblins
  4 jackals (D:2)
  3 quokkas (D:3)
  12 frilled lizards
  4 kobolds
  3 rats
52 creatures vanquished.

Vanquished Creatures (others)
  8 plants (D:2)
8 creatures vanquished.

Grand Total: 60 creatures vanquished

Notes
Turn   | Place    | Note
-------+----------+-------------------------------------------
     0 | D:1      | Ijustatesigmund the Demonspawn Fighter began the quest for
                  | the Orb.
     0 | D:1      | Reached XP level 1. HP: 18/18 MP: 1/1
   239 | D:1      | Gained mutation: You are partially covered in sharp spines.
                  | [demonic ancestry]
   239 | D:1      | Reached XP level 2. HP: 9/24 MP: 2/2
   517 | D:1      | Found a faded altar of an unknown god.
  1102 | D:2      | Reached XP level 3. HP: 28/29 MP: 3/3
  1687 | D:3      | Gained mutation: You have sharp toenails. [demonic
                  | ancestry]
  1687 | D:3      | Reached XP level 4. HP: 37/37 MP: 4/4
  1693 | D:3      | Noticed Natasha
  1701 | D:3      | Killed Natasha
  1707 | D:3      | Gained mutation: Your movements are slightly less
                  | encumbered by armour. (ER -2) [demonic ancestry]
  1707 | D:3      | Reached XP level 5. HP: 7/42 MP: 5/5
  1709 | D:3      | Gained mutation: You have razor-sharp toenails. [potion of
                  | mutation]
  1709 | D:3      | Gained mutation: Armour fits poorly on your strangely
                  | shaped body. [potion of mutation]
  1709 | D:3      | Gained mutation: Your muscles are strong. (Str +2) [potion
                  | of mutation]
  1716 | D:3      | Noticed Natasha
  1718 | D:3      | Slain by Natasha

Illustrated notes

Levels and vault maps discovered:
D:1:      shiori_arrival_oz, layout_basic, chequers_ecumenical_altar_island,
          minmay_tiny_reverse_x
D:2:      layout_basic, minmay_lizard_king
D:3:      layout_loops_ring, uniq_natasha

Skill      XL: |  1  2  3  4 |
---------------+-------------+-----
Axes           | 2 3 4 |  4.0
Fighting       | 4 |  4.0
Armour         | |  2.6
Shields        | |  2.6

Action                   |  1- 3 |  4- 6 || total
-------------------------+-------+-------++-------
Melee: War axe           |    93 |    10 ||   103
       Kick              |       |     5 ||     5
  Use: Scroll            |     2 |       ||     2
       Potion            |       |     3 ||     3
Armor: Scale mail        |    54 |    10 ||    64
Dodge: Dodged            |    21 |     4 ||    25
Block: Kite shield       |    55 |     8 ||    63

Table legend: (Time is in decaauts)
 A = Elapsed time spent in this place.
 B = Non-inter-level travel time spent in this place.
 C = Inter-level travel time spent in this place.
 D = Time resting spent in this place.
 E = Time spent auto-exploring this place.
 F = Levels seen in this place.
 G = Mean time per level.
                   A        B        C        D        E       F      G
               +--------+--------+--------+--------+--------+-----+--------+
         Total |   1791 |   1760 |     31 |    185 |   1269 |   3 |  597.0 |
       Dungeon |   1791 |   1760 |     31 |    185 |   1269 |   3 |  597.0 |
               +--------+--------+--------+--------+--------+-----+--------+

Top non-repeatable levels by time:
     D:1: 764 daAuts
     D:2: 761 daAuts
     D:3: 265 daAuts
